 Dungeon Crawl Stone Soup version 0.23.2-1-ga50397a (webtiles) character file.

Game seed: 17495582434296136742

263 troglodite the Poker (level 6, -1/69 HPs)
             Began as a Merfolk Skald on May 28, 2019.
             Slain by a bullfrog (2 damage)
             ... on level 3 of the Dungeon.
             The game lasted 00:14:15 (4060 turns).

troglodite the Poker (Merfolk Skald)                Turns: 4060, Time: 00:14:15

Health: -1/69      AC: 23    Str: 11    XL:     6   Next: 19%
Magic:  9/9        EV:  2    Int: 13    God:
Gold:   200        SH:  0    Dex: 15    Spells: 3/10 levels left

rFire    . . .     SeeInvis .   a - +0 spear
rCold    . . .     Gourm    .   (no shield)
rNeg     + + +     Faith    .   (armour currently unavailable)
rPois    +         Spirit   .   (helmet currently unavailable)
rElec    .         Reflect  .   (cloak currently unavailable)
rCorr    .         Harm     .   (gloves currently unavailable)
MR       .....     NoTele   +   (boots currently unavailable)
Stlth    ++........             f - amulet of magic regeneration
HPRegen  0.21/turn              (no ring)
MPRegen  0.36/turn              (no ring)

@: tree-form
A: (change form in water), (swift swim), (stealthy swim)
a: no special abilities


You were on level 3 of the Dungeon.
You were not hungry.
You were a tree.
You visited 1 branch of the dungeon, and saw 4 of its levels.

You collected 200 gold pieces.

Inventory:

Hand Weapons
 a - a +0 spear (weapon)
Missiles
 e - 112 stones (quivered)
Armour
 b - a +1 leather armour (melded)
 q - a cursed +1 helmet (melded)
Jewellery
 f - an amulet of magic regeneration (around neck)
Scrolls
 g - 2 scrolls of fear
 h - a scroll of remove curse
 k - a scroll of blinking {unknown}
 m - a scroll of enchant weapon {unknown}
 n - a scroll of teleportation {unknown}
 r - a scroll of noise {unknown}
Potions
 c - 3 potions of curing
 o - a potion of agility {unknown}
 p - a potion of flight {unknown}
 t - a potion of resistance {unknown}
Comestibles
 d - 5 rations


   Skills:
 * Level 2.8 Fighting
 * Level 5.1 Polearms
 + Level 1.3 Armour
 * Level 3.6 Dodging
 * Level 1.7 Stealth
 * Level 2.6 Spellcasting
 * Level 0.8 Hexes
 * Level 4.3 Charms
 * Level 1.0 Necromancy


You had 3 spell levels left.
You knew the following spells:

 Your Spells              Type           Power        Failure   Level  Hunger
a - Infusion              Chrm           ##..         4%          1    #......
b - Regeneration          Chrm/Necr      #.........   24%         3    ###....
c - Spectral Weapon       Hex/Chrm       #.......     26%         3    ###....

Your spell library contained the following spells:

 Spells                   Type           Power        Failure   Level  Hunger
 Song of Slaying          Chrm           ##......     6%          2    ###....
 Shroud of Golubria       Chrm/Tloc      #.........   16%         2    ###....


Dungeon Overview and Level Annotations

Branches:
Dungeon (4/15)
 Temple: D:4-7

Altars:
Kikubaaqudgha
Okawaru
Sif Muna
Wu Jian


Message History

The bullfrog barely misses you.
Your skin stops crawling.
The bullfrog closely misses you. The bullfrog hits you!
* * * LOW HITPOINT WARNING * * *
There is an open door here.
The bullfrog hits you.
* * * LOW HITPOINT WARNING * * *
The bullfrog misses you.
It was a potion of lignification.
You turn into a tree.
Your cursed +1 helmet melds into your body.
Your +1 leather armour melds into your body.
Your roots penetrate the ground.
The bullfrog hits you but does no damage.
The bullfrog hits you.
* * * LOW HITPOINT WARNING * * *
You barely miss the bullfrog.
The bullfrog is moderately wounded.
The bullfrog hits you.
You die...

..)..######.#.##.####..#........≈
...)......#.#.##.####.......#....
...>............................≈
................................≈
...).####.#.#..#.#.##..#.#..#....
.....# #.#.#..#.#.##..#.#..#)..≈
.....####.#.#....#.....#.#..#..≈.
............####.####.##.#.......
#####.......'..F♣..............≈.
#.......####.####.##.#....#..
#.......# #.# #.#..#.......
#.......# #.# #.#...)...###
######### #.####.......<....
#..........#...... #############
########.#.#...### #...........#
#.#.#...# #...........#
######.#...###


You could see a bullfrog.

Vanquished Creatures
  An orc priest (D:4)
  Natasha (twice) (D:2)
  An orc wizard (D:3)
  3 gnolls
  5 adders
  An ooze (D:3)
  An adder skeleton (D:2)
  2 worms
  3 dart slugs
  A leopard gecko (D:1)
  3 orcs (D:3)
  A bat zombie (D:2)
  A giant cockroach (D:2)
  9 goblins
  10 hobgoblins
  2 quokkas
  2 ball pythons
  6 bats
  8 frilled lizards
  2 kobolds
  5 rats
  2 rat zombies (D:2)
71 creatures vanquished.

Notes
Turn   | Place    | Note
-------+----------+-------------------------------------------
     0 | D:1      | troglodite the Merfolk Skald began the quest for the Orb.
     0 | D:1      | Reached XP level 1. HP: 16/16 MP: 3/3
   111 | D:1      | Reached XP level 2. HP: 19/22 MP: 0/5
   655 | D:1      | Reached XP level 3. HP: 27/27 MP: 6/6
  1026 | D:1      | Learned a level 3 spell: Regeneration
  1038 | D:2      | Reached skill level 1 in Stealth
  1049 | D:2      | Found a deep blue altar of Sif Muna.
  1305 | D:2      | Noticed Natasha
  1315 | D:2      | Killed Natasha
  1315 | D:2      | Reached skill level 4 in Polearms
  1315 | D:2      | Reached XP level 4. HP: 16/34 MP: 2/7
  1475 | D:2      | Learned a level 3 spell: Spectral Weapon
  1560 | D:2      | Found an iron altar of Okawaru.
  1622 | D:2      | Found an ornate altar of the Wu Jian Council.
  1680 | D:2      | Reached skill level 1 in Armour
  2352 | D:2      | Noticed Natasha
  2360 | D:2      | Killed Natasha
  2360 | D:2      | Reached XP level 5. HP: 35/39 MP: 3/8
  2496 | D:2      | Found an ancient bone altar of Kikubaaqudgha.
  2575 | D:3      | Found a faded altar of an unknown god.
  3380 | D:3      | HP: 1/39 [orc/+0 flail (5)]
  3815 | D:3      | Reached skill level 5 in Polearms
  3815 | D:3      | Reached XP level 6. HP: 27/46 MP: 9/9
  4036 | D:4      | Reached skill level 1 in Necromancy
  4059 | D:3      | HP: 1/69 [bullfrog (5)]
  4060 | D:3      | Slain by a bullfrog

Skill      XL: |  1  2  3  4  5  6 |
---------------+-------------------+-----
Stealth        | 1 |  1.7
Dodging        | 3 |  3.6
Charms         | 4 |  4.3
Polearms       | 4 5 |  5.1
Armour         | 1 |  1.3
Necromancy     | 1 |  1.0
Fighting       | |  2.8
Spellcasting   | |  2.6
Hexes          | |  0.8

Action                   |  1- 3 |  4- 6 || total
-------------------------+-------+-------++-------
Melee: Spear             |   117 |   181 ||   298
 Cast: Infusion          |     4 |     3 ||     7
       Spectral Weapon   |       |     5 ||     5
       Regeneration      |       |     3 ||     3
  Use: Scroll            |     4 |     2 ||     6
       Potion            |       |     4 ||     4
 Stab: Sleeping          |       |     4 ||     4
  Eat: Chunk             |     1 |    10 ||    11
Armor: Leather armour    |    24 |    42 ||    66
       Skin              |       |     1 ||     1
Dodge: Dodged            |    70 |   115 ||   185
